 Dungeon Crawl Stone Soup version 0.24-a0-769-g368c1644f8 (webtiles) character file.

Game seed: 8766828859503084005, levelgen mode: deterministic

63 rodlZA the Skirmisher (level 3, -2/34 HPs)
             Began as a Minotaur Fighter on Oct 6, 2019.
             Killed from afar by Natasha (7 damage)
             ... with a magic dart
             ... on level 2 of the Dungeon.
             The game lasted 00:03:06 (748 turns).

rodlZA the Skirmisher (Minotaur Fighter)             Turns: 748, Time: 00:03:07

Health: -2/34      AC:  7    Str: 26    XL:     3   Next: 89%
Magic:  2/2        EV:  7    Int:  5    God:
Gold:   40         SH: 10    Dex:  9    Spells: 2/2 levels left

rFire    . . .     SeeInvis .   a - +0 war axe
rCold    . . .     Gourm    .   c - +0 shield
rNeg     . . .     Faith    .   b - +0 scale mail
rPois    .         Spirit   .   (helmet restricted)
rElec    .         Reflect  .   (no cloak)
rCorr    +         Harm     .   (no gloves)
MR       .....                  (no boots)
Stlth    ..........             (no amulet)
HPRegen  0.11/turn              (no ring)
MPRegen  0.08/turn              l - ring of resist corrosion

@: mighty, slowed, very slow
A: retaliatory headbutt, horns 2
a: no special abilities


You were on level 2 of the Dungeon.
You were not hungry.

You visited 1 branch of the dungeon, and saw 2 of its levels.

You collected 40 gold pieces.

Inventory:

Hand Weapons
 a - a +0 war axe (weapon)
Armour
 b - a +0 scale mail (worn)
 c - a +0 shield (worn)
Jewellery
 l - a ring of resist corrosion (right hand)
   (You found it on level 1 of the Dungeon)
 o - an uncursed amulet of magic regeneration {unknown}
   (You found it on level 2 of the Dungeon)
Scrolls
 f - a scroll of amnesia {unknown}
 h - 2 scrolls of identify {unknown}
 k - a scroll of enchant weapon {unknown}
Potions
 i - 4 potions of curing {unknown}
 j - 3 potions of heal wounds {unknown}
 m - a potion of agility {unknown}
 n - a potion of ambrosia {unknown}
 p - a potion of flight {unknown}
Comestibles
 e - a ration {!d}


   Skills:
 + Level 4.3 Fighting
 + Level 3.2 Axes
 + Level 4.2 Armour
 + Level 4.3 Shields


You had 2 spell levels left.
You didn't know any spells.
Your spell library was empty.

Dungeon Overview and Level Annotations

Branches:
Dungeon (2/15)

Altars:
Hepliaklqana

Annotations:
D:2 Natasha


Innate Abilities, Weirdness & Mutations

You reflexively headbutt those who attack you in melee.
You have a pair of horns on your head.


Message History

You headbutt the kobold, but do no damage.
Your shield and scale mail prevent you from hitting the kobold.
The kobold shouts!
Natasha hisses angrily.
The kobold shouts!
Your headbutt misses the kobold. The kobold hits you but does no damage.
You slash the kobold!
You kill the kobold!
An adder comes into view.
Unknown command.
Unknown command.
The adder hisses angrily.
Your scale mail prevents you from hitting Natasha.
Natasha drinks a potion.
Natasha seems to speed up.
You block Natasha's attack.
Your shield and scale mail prevent you from hitting Natasha.
You headbutt Natasha, but do no damage. Natasha barely misses you.
Natasha stares at you and mumbles some strange words.
You feel yourself slow down.
You closely miss Natasha. You block Natasha's attack.
Natasha barely misses you. Natasha claws you.
Your shield and scale mail prevent you from hitting Natasha.
Natasha claws you. x2; Natasha claws you but does no damage.
You closely miss Natasha.
Natasha growls.
Natasha claws you but does no damage. You block Natasha's attack.
Natasha closely misses you. x2
You closely miss Natasha. You headbutt Natasha. You block Natasha's attack.
Natasha claws you. x2
You closely miss Natasha. Your headbutt misses Natasha.
Natasha claws you but does no damage. Natasha casts a spell at you.
You feel as though you will be slow longer.
Natasha stares at you and mumbles some strange words.
You resist with significant effort.
You hit Natasha. Your headbutt misses Natasha. Natasha casts a spell at you.
You resist with significant effort. You block Natasha's attack.
Natasha claws you.
* * * LOW HITPOINT WARNING * * *
Your scale mail prevents you from hitting Natasha.
Your headbutt misses Natasha. Natasha claws you but does no damage.
You block Natasha's attack. Natasha claws you but does no damage.
You closely miss Natasha. You headbutt Natasha. Natasha claws you.
* * * LOW HITPOINT WARNING * * *
Natasha claws you.
* * * LOW HITPOINT WARNING * * *
Natasha claws you.
* * * LOW HITPOINT WARNING * * *
You feel very mighty all of a sudden. Natasha casts a spell at you.
The magic dart hits you!
You die...

. .K # S## .# ... ..## . #.#
##........... ....##)##...#
#.......# .......KK..#
#.......# ...#####h###
#.......# #@# #.......###
#.......#####.######..........
#...........<...............#.
#.......###########........#..
#......# #...........
#......#. ##.#..#..##
#........ ####...##
####......# ####...####.
.......# #.....## ...


You could see Natasha and 2 kobolds.

Vanquished Creatures
  Terence (D:2)
  An ooze (D:1)
  A dart slug (D:2)
  2 giant cockroaches (D:1)
  4 goblins
  3 hobgoblins (D:1)
  3 jackals (D:1)
  5 kobolds
  2 bats (D:1)
  A frilled lizard (D:1)
  9 rats (D:1)
32 creatures vanquished.

Notes
Turn   | Place    | Note
-------+----------+-------------------------------------------
     0 | D:1      | rodlZA the Minotaur Fighter began the quest for the Orb.
     0 | D:1      | Reached XP level 1. HP: 19/19 MP: 0/0
    78 | D:1      | Reached XP level 2. HP: 27/27 MP: 1/1
   306 | D:1      | Reached XP level 3. HP: 30/33 MP: 2/2
   624 | D:2      | Noticed Terence
   631 | D:2      | Killed Terence
   701 | D:2      | Found a hazy altar of Hepliaklqana.
   732 | D:2      | Noticed Natasha
   748 | D:2      | Killed from afar by Natasha

Levels and vault maps discovered:
D:1:      dpeg_arrival_fog, layout_loops_ring
D:2:      layout_rooms, marbit_many_paths, nicolae_overflow_hidden_temple,
          minmay_ruptured, uniq_natasha, uniq_terence

Skill      XL: |  1  2  3 |
---------------+----------+-----
Fighting       | 4 |  4.3
Armour         | 4 |  4.2
Shields        | 4 |  4.3
Axes           | 3 |  3.2

Action                   || total
-------------------------++-------
Melee: War axe           ||    84
       Headbutt          ||    10
  Use: Potion            ||     1
Armor: Scale mail        ||    45
Dodge: Dodged            ||    23
Block: Shield            ||    39

Table legend:
 A = Non-vault XP
 B = Vault XP
 C = Vault XP percentage of total XP
 D = Non-vault monster count
 E = Vault monster count
 F = Vault count percentage of total count
                 A         B        C        D         E       F
            +---------+---------+-------+---------+---------+-------
      Total |      53 |      38 |  41.8 |      30 |       2 |   6.2
            +---------+---------+-------+---------+---------+-------
        D:1 |      44 |       0 |   0.0 |      26 |       0 |   0.0
        D:2 |       9 |      38 |  80.9 |       4 |       2 |  33.3
            +---------+---------+-------+---------+---------+-------
